 Dungeon Crawl Stone Soup version 0.17-a0-1714-g35622ae (webtiles) character file.

402 matakusis the Vexing (level 6, -6/44 HPs)
             Began as a Demonspawn Enchanter on Aug 20, 2015.
             Killed from afar by an orc wizard (9 damage)
             ... with a puff of frost
             ... on level 4 of the Dungeon on Aug 23, 2015.
             The game lasted 00:23:38 (6048 turns).

matakusis the Vexing (Demonspawn Enchanter)         Turns: 6048, Time: 00:23:38

Health: -6/44      AC:  6    Str:  9    XL:     6   Next: 55%
Magic:  2/10       EV: 12    Int: 16    God:
Gold:   86         SH:  0    Dex: 15    Spells: 3 memorised, 4 levels left

rFire  . . .     SeeInvis .     a - +2 dagger
rCold  . . .     Clarity  .     b - +1 robe
rNeg   . . .     SustAt   .     (no shield)
rPois  .         Gourm    .     (no helmet)
rElec  .         Spirit   .     (no cloak)
rCorr  .         Warding  .     (no gloves)
rMut   .         Stasis   .     (no boots)
MR     .....                    (no amulet)
Stlth  +++.......               (no ring)
                                (no ring)

@: very slightly contaminated, not resistant to hostile enchantments, fairly
stealthy
A: talons 1, icy blue scales 2
a: no special abilities


You were on level 4 of the Dungeon.
You were hungry.

You visited 1 branch of the dungeon, and saw 4 of its levels.

You collected 86 gold pieces.

Inventory:

Hand weapons
 a - a +2 dagger (weapon)
 m - a +1 morningstar of draining
Missiles
 f - a throwing net (quivered)
Armour
 b - a +1 robe (worn)
Scrolls
 o - a scroll of blinking
Potions
 e - a potion of cure mutation
 n - 2 potions of brilliance
Books
 c - a book of Maledictions

   Spells                             Type                      Level
   a - Corona                         Hexes                        1
   b - Ensorcelled Hibernation        Hexes/Ice                    2
   c - Confuse                        Hexes                        3
   d - Tukima's Dance                 Hexes                        3
   e - Dazzling Spray                 Conjuration/Hexes            3
 u - a Necronomicon

   Spells                             Type                      Level
   a - Haunt                          Necromancy/Summoning         7
   b - Borgnjor's Revivification      Necromancy                   8
   c - Death's Door                   Charms/Necromancy            8
   d - Necromutation                  Transmutation/Necromancy     8
Comestibles
 d - 2 chunks of flesh
 k - 4 fruits
 q - a slice of pizza
 x - a meat ration


   Skills:
 - Level 1.7 Fighting
 + Level 1.8 Short Blades
 - Level 3.3 Dodging
 * Level 4.1 Stealth
 - Level 3.0 Spellcasting
 + Level 4.4 Hexes


You had 4 spell levels left.
You knew the following spells:

 Your Spells              Type           Power        Failure   Level  Hunger
a - Corona                Hex            ###....      3%          1    #......
b - Confuse               Hex            ###.....     12%         3    ###....
c - Tukima's Dance        Hex            ###.....     12%         3    ###....


Dungeon Overview and Level Annotations

Branches:
Dungeon (4/15)
 Temple: D:4-7

Altars:
Cheibriados
Fedhas
Makhleb
Nemelex Xobeh
The Shining One


Innate Abilities, Weirdness & Mutations

You have sharp toenails.
You are mostly covered in icy blue scales (AC +3, EV -1).


Message History

Your trident hits the orc priest from afar.
Drink which item? (? for menu, Esc to quit)
You feel much better. The orc hits you with a hand axe.
Your trident hits the orc priest from afar.
The orc priest casts a cantrip, but nothing happens.
You hit the orc priest.
The orc priest is lightly wounded.
The orc wizard misses you. The orc hits you with a hand axe!
The orc priest hits your trident.
You hit the orc priest but do no damage.
Your kick misses the orc priest.
The orc priest is lightly wounded.
The orc wizard closely misses you.
The orc priest calls down the wrath of Beogh upon you.
Something smites you!
* * * LOW HITPOINT WARNING * * *
Your trident hits the orc priest but does no damage.
The orc wizard points at you and mumbles some strange words.
The puff of frost hits you!
You die...

.# ##.#..#.....................
## ##....#.)....................
.####..##........................
..##..##.........................
.....##........o(................
#....#...........................
.................................
...............oo................
###............o@................
###............................
##...........................
#...........................
######....................##
###................###
###.............##
###......##..## ###########


You could see 2 orc priests, an orc wizard, an orc and a friendly trident.

Vanquished Creatures
  An ogre (D:4)
  A centaur (D:3)
  A hound (D:4)
  2 worker ants (D:4)
  A giant frog skeleton (D:4)
  5 adders
  2 gnolls (D:4)
  3 worms
  2 giant geckos (D:4)
  12 orcs
  11 bats
  6 giant cockroaches
  6 goblins
  5 hobgoblins
  10 jackals
  3 kobolds
  2 quokkas
  4 giant newts
  6 rats
83 creatures vanquished.

Vanquished Creatures (collateral kills)
  An orc (D:3)
1 creature vanquished.

Vanquished Creatures (others)
  A dancing weapon (D:4)
1 creature vanquished.

Grand Total: 85 creatures vanquished

Notes
Turn   | Place    | Note
--------------------------------------------------------------
     0 | D:1      | matakusis the Demonspawn Enchanter began the quest for the Orb.
     0 | D:1      | Reached XP level 1. HP: 13/13 MP: 3/3
   553 | D:1      | Reached skill level 1 in Short Blades
   553 | D:1      | Gained mutation: You are partially covered in icy blue scales (AC +1). [demonic ancestry]
   553 | D:1      | Reached XP level 2. HP: 11/19 MP: 5/5
  1144 | D:1      | Upgraded the game from 0.17-a0-1691-g18a3847 to 0.17-a0-1714-g35622ae
  1242 | D:2      | Found a blossoming altar of Fedhas.
  1865 | D:2      | Found a snail-covered altar of Cheibriados.
  1955 | D:2      | Found a burning altar of Makhleb.
  1984 | D:2      | Reached XP level 3. HP: 17/24 MP: 6/6
  1996 | D:2      | Learned a level 3 spell: Confuse
  1996 | D:2      | Found a faded altar to an unknown god.
  2597 | D:3      | Noticed a centaur
  2623 | D:3      | Killed a centaur
  2623 | D:3      | Reached skill level 1 in Fighting
  2623 | D:3      | Reached XP level 4. HP: 7/32 MP: 1/7
  3125 | D:3      | Found a glowing golden altar of the Shining One.
  3199 | D:3      | Gained mutation: You are mostly covered in icy blue scales (AC +3, EV -1). [demonic ancestry]
  3199 | D:3      | Reached XP level 5. HP: 10/37 MP: 1/8
  3754 | D:3      | Learned a level 3 spell: Tukima's Dance
  4089 | D:3      | Found a sparkling altar of Nemelex Xobeh.
  4509 | D:4      | Noticed an ogre
  4534 | D:4      | Killed an ogre
  4534 | D:4      | Reached skill level 4 in Hexes
  4563 | D:4      | Gained mutation: You have sharp toenails. [demonic ancestry]
  4563 | D:4      | Reached XP level 6. HP: 16/43 MP: 0/10
  6044 | D:4      | HP: 2/44 [orc priest/divine providence (14)]
  6048 | D:4      | Killed from afar by an orc wizard

Vault maps used:
D:1:      minmay_arrival_cross, moated_statue
D:2:      fedhas_altar_fruit_tree, lemuel_coloured_pillars_altar,
          ecumenical_altar_2, hangedman_decor_diamond_cutter, bloody_makhleb
D:3:      tso_oasis_becter, lemuel_doored_altar

Action                   |  1- 3 |  4- 6 || total
-------------------------+-------+-------++-------
Melee: Dagger            |   158 |   297 ||   455
       Morningstar       |     4 |       ||     4
 Cast: Corona            |     3 |       ||     3
       Confuse           |     2 |    23 ||    25
       Tukima's Dance    |       |    11 ||    11
  Use: Potion            |       |    10 ||    10
       Scroll            |       |     9 ||     9
 Stab: Sleeping          |     6 |     2 ||     8
       Confused          |     2 |    11 ||    13
  Eat: Bread ration      |     1 |       ||     1
       Chunk             |       |    12 ||    12
       Beef jerky        |       |     2 ||     2
       Fruit             |       |     1 ||     1
